 Dungeon Crawl Stone Soup version 0.20.1-1-g8b1a95d (webtiles) character file.

23612 Liatris the Cleaver (level 12, -5/94 HPs)
             Began as a Demonspawn Gladiator on Aug 10, 2017.
             Was a Believer of Uskayaw.
             Slain by a spiny frog (14 damage)
             ... on level 3 of the Lair of Beasts.
             The game lasted 01:45:47 (9820 turns).

Liatris the Cleaver (Demonspawn Gladiator)          Turns: 9820, Time: 01:45:48

Health: -5/94      AC: 17    Str: 24    XL:     12   Next: 73%
Magic:  13/13      EV: 12    Int: 14    God:    Uskayaw [**....]
Gold:   588        SH:  0    Dex: 16    Spells: 11/11 levels left

rFire    + + .     SeeInvis .   F - +3 scimitar (flame)
rCold    x . .     Gourm    .   (no shield)
rNeg     + . .     Faith    .   O - +0 chain mail {rN+}
rPois    +         Spirit   .   C - +2 hat {Int+3}
rElec    .         Reflect  .   (no cloak)
rCorr    .         Harm     .   q - +0 pair of gloves
MR       .....                  (no boots)
Stlth    +.........             i - amulet of regeneration
Regen    0.7/turn               u - ring of fire
MPRegen  0.2/turn               (no ring)

@: mighty
A: antennae 1, claws 2, thin metallic scales 2, fire resistance 1, poison
resistance, powered by death 3, powered by pain 1, strong 1
a: Stomp, Line Pass, Renounce Religion


You were on level 3 of the Lair of Beasts.
You worshipped Uskayaw.
Uskayaw was noncommittal.
You were not hungry.

You visited 2 branches of the dungeon, and saw 11 of its levels.

You collected 588 gold pieces.

Inventory:

Hand Weapons
 a - a +0 war axe
 n - a +2 hand axe of freezing
 B - a +1 scythe of flaming
 F - a +3 scimitar of flaming (weapon)
 L - a +2 short sword of electrocution
Missiles
 d - 2 throwing nets (quivered)
Armour
 b - a +0 leather armour
 c - a +0 helmet
 l - a +0 ring mail
 p - a +1 chain mail
 q - a +0 pair of gloves (worn)
 t - a +1 ring mail of cold resistance
 C - a +2 hat of intelligence (worn)
 O - a +0 chain mail of positive energy (worn)
Jewellery
 e - an uncursed amulet of guardian spirit
 i - an amulet of regeneration (around neck)
 m - an uncursed amulet of regeneration
 s - a cursed ring of teleportation
 u - a ring of fire (left hand)
 v - an uncursed amulet of faith
 H - an uncursed amulet of inaccuracy
Wands
 x - a wand of acid (0/15)
 y - a wand of scattershot (0/9)
 E - a wand of iceblast (2/15)
 G - a wand of flame (16/48)
 J - a wand of lightning (2/15)
Scrolls
 k - 4 scrolls of magic mapping
 r - 2 scrolls of recharging
 z - 2 scrolls of amnesia
 D - 2 scrolls of remove curse
Potions
 g - 2 potions of haste {unknown}
 h - a potion of ambrosia
 A - 2 potions of flight
 M - a potion of brilliance
Books
 K - a book of Cantrips

   Spells                             Type                      Level
   a - Confusing Touch                Hexes                        1
   b - Animate Skeleton               Necromancy                   1
   c - Summon Small Mammal            Summoning                    1
   d - Apportation                    Translocation                1
Comestibles
 f - 4 bread rations
 j - 16 royal jellies
 o - 8 fruits
 w - 4 meat rations


   Skills:
 + Level 8.8 Fighting
 + Level 9.9 Long Blades
 + Level 10.2 Axes
 + Level 2.1 Throwing
 + Level 7.8 Armour
 + Level 6.2 Dodging
 + Level 7.2 Stealth
 * Level 1.6 Invocations
 + Level 1.6 Evocations


You had 11 spell levels left.
You didn't know any spells.

Dungeon Overview and Level Annotations

Branches:
Dungeon (8/15)             Temple (0/1) D:6            Lair (3/6) D:8
  Snake (0/4) Lair:2
  Swamp: Lair:2-4    Shoals: Lair:2-4

Altars:
Dithmenos
Fedhas
Gozag
Hepliaklqana
Sif Muna
Trog
Uskayaw
The Shining One

Shops:
D:6 }

Annotations:
Lair:1 exclusion: oklob plant


Innate Abilities, Weirdness & Mutations

You have very sharp fingernails.
You are mostly covered in thin metallic scales. (AC +3)
You regenerate a lot of health from kills.
You sometimes gain a little power by taking damage.
You have a pair of small antennae on your head.
Your flesh is heat resistant. (rF+)
Your system is resistant to poisons. (rPois)
Your muscles are strong. (Str +2)


Message History

The wolf bites you but does no damage. The spiny frog stings you!
* * * LOW HITPOINT WARNING * * *
The wolf misses you. The wolf bites you but does no damage.
You slash the wolf! You burn the wolf.
You kill the wolf!
You feel sick. The wolf closely misses you.
You riposte.
You closely miss the wolf. The spiny frog closely misses you.
You closely miss the wolf.
You feel sick. The wolf barely misses you.
The wolf bites you but does no damage. The spiny frog misses you.
The wolf bites you but does no damage. The wolf closely misses you.
The spiny frog stings you!
* * * LOW HITPOINT WARNING * * *
You focus on the pain.
You feel mightier all of a sudden.
You are lethally poisoned!
The spiny frog poisons you!
You feel better. The wolf barely misses you. The wolf bites you.
* * * LOW HITPOINT WARNING * * *
The spiny frog stings you!
You die...

...≈≈≈#≈..P# ...#.#
.P≈≈≈≈#)(P♣# .....
≈≈≈≈≈8#8.♣♣ ....
########## #..# #### ####
######..#
.P.####..###.#.##..####..
.........................
.........†.....Fhh.......
####....###...##@#{#..###
#..P###...######hH #
#..## ##..# #F.# #..#
#...# ..# ....# ##... ..#
.....# ..... ... P.#..#
##...P ... #... #..###


You could see a spiny frog and 2 wolves.

Vanquished Creatures
  Gastronok (Lair:2)
  3 hydras
  Erica (Lair:1)
  A two-headed ogre (D:8)
  A queen ant (Lair:2)
  2 lindwurms (Lair:3)
  Pikel (D:6)
  2 black mambas
  5 elephants (Lair:3)
  5 spiny frogs
  A rime drake (Lair:3)
  4 komodo dragons
  A queen bee (Lair:2)
  A hornet (Lair:3)
  Prince Ribbit (D:7)
  3 blink frogs (Lair:3)
  3 hippogriffs
  Sigmund (D:6)
  A human (D:7)
  2 wyverns
  4 hogs (D:7)
  13 soldier ants (Lair:2)
  14 water moccasins
  3 porcupines
  A black bear (D:6)
  2 orc warriors
  3 slaves (D:6)
  A sky beast (D:5)
  2 phantoms
  6 wolves
  An ogre (D:4)
  2 centaurs
  9 crocodiles
  3 big kobolds
  Blork the orc (D:5)
  10 bullfrogs
  A scorpion (D:6)
  25 killer bees (Lair:2)
  A howler monkey (D:6)
  5 crimson imps
  A bullfrog zombie (D:5)
  2 hounds
  4 jellies
  2 orc priests
  2 centaur skeletons
  5 orc wizards
  An iguana (D:7)
  32 worker ants
  Natasha (thrice) (D:4)
  A hound skeleton (D:6)
  A howler monkey skeleton (D:3)
  6 gnolls
  A river rat (Lair:3)
  10 adders
  An ooze (D:2)
  An adder skeleton (D:5)
  4 worms
  3 dart slugs
  6 leopard geckos
  14 orcs
  2 ball pythons
  12 bats
  6 giant cockroaches
  12 goblins
  3 hobgoblins
  6 jackals
  10 kobolds
  4 quokkas
  6 frilled lizards
  A hobgoblin zombie (D:4)
  A kobold skeleton (D:4)
  2 kobold zombies (D:4)
  An orc skeleton (D:4)
  4 orc zombies (D:4)
  2 quokka skeletons
  A quokka zombie (D:8)
  11 rats
  A plant (Lair:3)
332 creatures vanquished.

Vanquished Creatures (others)
  6 fungi (Lair:2)
  7 plants
13 creatures vanquished.

Grand Total: 345 creatures vanquished

Notes
Turn   | Place    | Note
-------+----------+-------------------------------------------
     0 | D:1      | Liatris the Demonspawn Gladiator began the quest for the Orb.
     0 | D:1      | Reached XP level 1. HP: 16/16 MP: 1/1
   125 | D:1      | Gained mutation: You have sharp fingernails. [demonic ancestry]
   125 | D:1      | Reached XP level 2. HP: 22/22 MP: 2/2
   126 | D:1      | Reached skill level 3 in Axes
   503 | D:1      | Gained mutation: You regenerate a little health from kills. [demonic ancestry]
   503 | D:1      | Reached XP level 3. HP: 27/27 MP: 3/3
  1041 | D:2      | Found a deep blue altar of Sif Muna.
  1041 | D:2      | Found a blossoming altar of Fedhas.
  1042 | D:2      | Found a hide-covered altar of Uskayaw.
  1056 | D:2      | Became a worshipper of Uskayaw the Reveler
  1102 | D:2      | Reached * piety under Uskayaw
  1173 | D:2      | Reached ** piety under Uskayaw
  1195 | D:2      | Reached skill level 1 in Armour
  1196 | D:2      | Reached *** piety under Uskayaw
  1210 | D:2      | Gained mutation: You have very sharp fingernails. [demonic ancestry]
  1210 | D:2      | Reached XP level 4. HP: 30/33 MP: 4/4
  1325 | D:2      | Reached skill level 4 in Axes
  1668 | D:3      | Gained mutation: Your muscles are strong. (Str +2) [potion of mutation]
  1668 | D:3      | Gained mutation: Your system is resistant to poisons. (rPois) [potion of mutation]
  1668 | D:3      | Gained mutation: Your flesh is heat resistant. (rF+) [potion of mutation]
  1668 | D:3      | Gained mutation: You have a pair of small antennae on your head. [potion of mutation]
  1684 | D:3      | Reached skill level 1 in Stealth
  1951 | D:3      | Gained mutation: You are partially covered in thin metallic scales. (AC +2) [demonic ancestry]
  1951 | D:3      | Reached XP level 5. HP: 31/39 MP: 5/5
  2220 | D:3      | Found a shadowy altar of Dithmenos.
  2282 | D:3      | Found an opulent altar of Gozag.
  2610 | D:4      | Noticed an ogre
  2616 | D:4      | Killed an ogre
  2616 | D:4      | Gained mutation: You regenerate health from kills. [demonic ancestry]
  2616 | D:4      | Reached XP level 6. HP: 18/46 MP: 6/6
  2744 | D:4      | Noticed Natasha
  2753 | D:4      | Killed Natasha
  2784 | D:4      | Reached skill level 5 in Axes
  2795 | D:4      | Found a bloodstained altar of Trog.
  3006 | D:4      | Noticed Natasha
  3036 | D:4      | Killed Natasha
  3036 | D:4      | Gained mutation: You regenerate a lot of health from kills. [demonic ancestry]
  3036 | D:4      | Reached XP level 7. HP: 49/52 MP: 7/7
  3083 | D:4      | Found a glowing golden altar of the Shining One.
  3087 | D:4      | Noticed Natasha
  3114 | D:4      | Killed Natasha
  3404 | D:5      | Entered Level 5 of the Dungeon
  3477 | D:5      | Noticed Blork the orc
  3484 | D:5      | Killed Blork the orc
  3484 | D:5      | Reached skill level 6 in Axes
  3940 | D:6      | Found a staircase to the Ecumenical Temple.
  3950 | D:6      | Reached XP level 8. HP: 60/60 MP: 8/8
  3989 | D:6      | Found Gyhyn's Gadget Boutique.
  4088 | D:6      | Reached **** piety under Uskayaw
  4178 | D:6      | Reached skill level 7 in Axes
  4210 | D:6      | Reached ***** piety under Uskayaw
  4366 | D:6      | Found a hazy altar of Hepliaklqana.
  4401 | D:6      | Noticed Pikel
  4504 | D:6      | Found a deep blue altar of Sif Muna.
  4782 | D:6      | Noticed Sigmund
  4790 | D:6      | Killed Sigmund
  4928 | D:6      | Killed Pikel
  4928 | D:6      | Reached skill level 5 in Fighting
  4928 | D:6      | Reached skill level 5 in Armour
  4928 | D:6      | Reached XP level 9. HP: 68/68 MP: 9/9
  5088 | D:7      | Noticed Prince Ribbit
  5129 | D:7      | Killed Prince Ribbit
  5129 | D:7      | Reached skill level 8 in Axes
  5686 | D:7      | Reached skill level 5 in Dodging
  5686 | D:7      | Reached skill level 1 in Evocations
  6051 | D:8      | Gained mutation: You are mostly covered in thin metallic scales. (AC +3) [demonic ancestry]
  6051 | D:8      | Reached XP level 10. HP: 76/76 MP: 10/10
  6229 | D:8      | Noticed a two-headed ogre
  6241 | D:8      | Killed a two-headed ogre
  6241 | D:8      | Reached skill level 9 in Axes
  6277 | D:8      | Found a staircase to the Lair.
  6478 | Lair:1   | Entered Level 1 of the Lair of Beasts
  6478 | Lair:1   | Noticed an oklob plant
  6524 | Lair:1   | Noticed Erica
  6547 | Lair:1   | Killed Erica
  6547 | Lair:1   | Reached skill level 5 in Stealth
  6714 | Lair:1   | Found a frozen archway.
  6731 | Lair:1   | Noticed a spiny frog
  6740 | Lair:1   | Killed a spiny frog
  6742 | Lair:1   | Reached skill level 10 in Axes
  6744 | Lair:1   | Noticed a four-headed hydra
  6758 | Lair:1   | Killed a one-headed hydra
  6828 | Lair:1   | Noticed an eight-headed hydra
  6936 | Lair:1   | Reached skill level 1 in Long Blades
  7060 | Lair:1   | Noticed a black mamba
  7083 | Lair:1   | Killed a black mamba
  7083 | Lair:1   | Gained mutation: You sometimes gain a little power by taking damage. [demonic ancestry]
  7083 | Lair:1   | Reached XP level 11. HP: 33/84 MP: 11/11
  7194 | Lair:1   | Killed a five-headed hydra
  7896 | Lair:2   | Noticed an eight-headed hydra
  7912 | Lair:2   | Killed a three-headed hydra
  8114 | Lair:2   | Reached skill level 5 in Long Blades
  8174 | Lair:2   | Found a staircase to the Snake Pit.
  8368 | Lair:2   | Reached ****** piety under Uskayaw
  8406 | Lair:2   | Noticed a queen ant
  8406 | Lair:2   | Noticed Gastronok
  8438 | Lair:2   | Killed a queen ant
  8465 | Lair:2   | Killed Gastronok
  8465 | Lair:2   | Reached XP level 12. HP: 93/93 MP: 13/13
  9589 | Lair:3   | Reached skill level 1 in Invocations
  9820 | Lair:3   | Slain by a spiny frog

Skill      XL: |  1  2  3  4  5  6  7  8  9 10 11 12 |
---------------+-------------------------------------+-----
Axes           | 3 4 5 6 7 8 10 | 10.2
Armour         | 1 2 3 5 6 7 |  7.8
Dodging        | 3 4 5 6 |  6.2
Stealth        | 1 3 4 5 6 7 |  7.2
Fighting       | 3 5 6 7 8 |  8.8
Evocations     | 1 |  1.6
Long Blades    | 1 7 9 |  9.9
Throwing       | 2 |  2.1
Invocations    | 1 |  1.6

Action                   |  1- 3 |  4- 6 |  7- 9 | 10-12 || total
-------------------------+-------+-------+-------+-------++-------
Melee: War axe           |    98 |    83 |       |       ||   181
       Hand axe          |       |   126 |   472 |   105 ||   703
       Scimitar          |       |       |       |   525 ||   525
Throw: Throwing net      |       |       |       |     2 ||     2
Invok: Stomp             |       |       |       |     1 ||     1
Evoke: Wand              |       |       |     3 |    11 ||    14
  Use: Scroll            |     8 |     4 |    10 |     6 ||    28
       Potion            |     1 |     9 |     1 |     7 ||    18
 Stab: Paralysed         |     1 |       |    10 |    34 ||    45
       Sleeping          |       |       |     3 |     4 ||     7
       Invisible         |       |       |       |     2 ||     2
       Distracted        |       |       |       |     1 ||     1
       Held in net/web   |       |       |       |     1 ||     1
  Eat: Bread ration      |     1 |       |     2 |     1 ||     4
       Fruit             |       |     1 |     3 |       ||     4
       Royal jelly       |       |     1 |     1 |     4 ||     6
Armor: Leather armour    |    33 |       |       |       ||    33
       Ring mail         |       |    53 |    86 |    38 ||   177
       Chain mail        |       |       |    57 |   301 ||   358
       Skin              |       |       |       |     3 ||     3
Dodge: Dodged            |    63 |   138 |   229 |   476 ||   906
       Rpst.: Scimitar   |       |       |       |   125 ||   125
